 Dungeon Sprint DCSS version 0.30.1-9-gdf580d7c3d (webtiles) character file.

Game seed: 2176881091348796743

7 Heoruswealwe the Covered (level 1, 0/20 HPs)
             Began as a Minotaur Fighter on Oct 4, 2023.
             Killed from afar by a white imp (11 damage)
             ... with a puff of frost
             ... in the Dungeon (Sprint IX: "|||||||||||||||||||||||||||||").
             The game lasted 00:00:49 (59 turns).

Heoruswealwe the Covered (Minotaur Fighter)           Turns: 59, Time: 00:00:49

Health: 0/20       AC:  7    Str: 20    XL:     1   Next: 83%
Magic:  0/0        EV:  9    Int:  5    God:
Gold:   0          SH:  4    Dex:  9    Spells: 0/0 levels left

rFire   . . .        a - +0 trident
rCold   . . .        d - +0 buckler
rNeg    . . .        c - +0 scale mail
rPois   .            (helmet restricted)
rElec   .            (no cloak)
rCorr   .            (no gloves)
SInv    .            (no boots)
Will    .....        (no amulet) Stlth
                     (no ring)
HPRegen 0.23/turn    (no ring)
MPRegen 0.07/turn

%: no teleportation
@: no status effects
A: horns 2, retaliatory headbutt
a: no special abilities


You were in the Dungeon.
You visited 1 branch

Inventory:

Hand Weapons
 a - a +0 trident (weapon)
Armour
 c - a +0 scale mail (worn)
 d - a +0 buckler (worn)
Scrolls
 j - a scroll of blinking
Potions
 b - a potion of might
 e - a potion of curing
 f - a potion of heal wounds
 g - a potion of haste
 i - a potion of berserk rage


   Skills:
 + Level 4.2 Fighting
 * Level 4.0 Polearms
 + Level 4.3 Armour
 - Level 3.6 Shields


You couldn't memorise any spells.
You didn't know any spells.
Your spell library was empty.

Dungeon Overview and Level Annotations

Branches:
Dungeon (1/1)

Altars:


Innate Abilities, Weirdness & Mutations

You have a pair of horns on your head.
You reflexively headbutt those who attack you in melee.


Message History

The quokka bites you but does no damage.
The quokka barely misses you.
You closely miss the quokka. You headbutt the quokka.
You kill the quokka!
The ball python bites you but does no damage.
The ball python grabs you. The ball python constricts you.
You puncture the ball python!
You kill the ball python!
Your Polearms skill increases to level 4!
There is an open door to the Dungeon here.
Things that are here:
a ball python corpse; a quokka corpse You start resting.
HP restored.
As you open the door, it creaks loudly!
An orc, a jelly, a black bear, a white imp and a sleepcap come into view.
The orc shouts!
The jelly quivers.
The black bear growls angrily.
The white imp shouts, "Get thee hence, thou foisting beetle-headed simpleton!"
You hit the sleepcap.
The sleepcap is lightly damaged.
You block the sleepcap's attack.
You hit the sleepcap. You headbutt the sleepcap!
The sleepcap is severely damaged.
The sleepcap releases spores at you.
You are engulfed in a cloud of soporific spores!
You fall asleep.
The sleepcap releases spores at you!
You wake up.
You are engulfed in a cloud of soporific spores!
You are unaffected.
You hit the sleepcap.
The sleepcap is severely damaged.
The sleepcap releases spores at you but does no damage.
You hit the sleepcap.
You destroy the sleepcap!
The white imp gestures at you. The puff of frost hits you!
Ouch! That really hurt!
You die... ▓▓▓▓▓▓▓▓▓▓▓▓▓▓▓▓▓▓ +.oJh5'@....†.!.<▓ ▓▓▓▓▓▓▓▓▓▓▓▓▓▓▓▓▓▓

You could see a black bear, a jelly, a white imp and an orc.

Vanquished Creatures
  A sleepcap (D)
  A ball python (D)
  An endoplasm (D)
  A giant cockroach (D)
  2 quokkas (D)
6 creatures vanquished.

Notes
Turn   | Place    | Note
-------+----------+-------------------------------------------
     0 | D        | Heoruswealwe the Minotaur Fighter began the quest for the
                  | Orb.
     0 | D        | Reached XP level 1. HP: 19/19 MP: 0/0
    54 | D        | Noticed a jelly
    54 | D        | Noticed a black bear
    54 | D        | Noticed a sleepcap
    59 | D        | Killed a sleepcap
    59 | D        | Killed from afar by a white imp

Illustrated notes

Levels and vault maps discovered:
D:        linesprint [early_d, line_temple, items_1, d_10, items_2, lair_1,
          lair_end, items_3, orc_1, orc_end, items_4, d_15, swamp_1, shoals_1,
          snake_1, spider_1, d_20, vaults_1, items_5, swamp_end, shoals_end,
          snake_end, spider_end, vaults_end, d_27, items_6, zot_1, zot_end,
          crypt_end, forest_end, elf_end, slime_end, tomb_end, abyss_end,
          pan_hell_end]

Skill      XL: |  1 |
---------------+----+-----
Polearms       | 4 |  4.0
Fighting       | 4 |  4.2
Armour         | 4 |  4.3
Shields        | |  3.6

Action                     || total
---------------------------++-------
  Melee: Trident           ||    20
         Headbutt          ||     5
 Armour: Scale mail        ||     9
  Dodge: Dodged            ||     5
  Block: Buckler           ||     1
